 Dungeon Crawl Stone Soup version 0.28-a0-768-g8c92f1e708 (webtiles) character file.

Game seed: 17916363460812385168

109 DungeonMaster the Skirmisher (level 4, -2/34 HPs)
             Began as a Demonspawn Wanderer on Oct 31, 2021.
             Hit by a stone thrown by a gnoll (5 damage)
             ... on level 3 of the Dungeon.
             The game lasted 00:04:09 (2392 turns).

DungeonMaster the Skirmisher (Demonspawn Wanderer)  Turns: 2392, Time: 00:04:09

Health: -2/34      AC:  4    Str: 14    XL:     4   Next: 59%
Magic:  7/7        EV: 12    Int: 12    God:
Gold:   241        SH:  0    Dex: 13    Spells: 6/7 levels left

rFire   . . .      SeeInvis .   a - +2 short sword
rCold   . . .      Faith    .   (no shield)
rNeg    . . .      Spirit   .   g - +0 leather armour
rPois   .          Reflect  .   (helmet restricted)
rElec   .          Harm     .   l - +0 cloak
rCorr   +          Rampage  .   (no gloves)
Will    .....                   (no boots)
Stlth   +.........              (no amulet)
HPRegen 0.11/turn               j - ring of resist corrosion
MPRegen 0.10/turn               (no ring)

@: hasted, very quick
A: horns 1, spiny 2
a: no special abilities


You were on level 3 of the Dungeon.
You visited 1 branch of the dungeon, and saw 3 of its levels.

You collected 241 gold pieces.

Inventory:

Hand Weapons
 a - a +2 short sword (weapon)
Missiles
 e - 28 arrows
 f - 44 stones
 h - 13 bolts
 k - 12 poisoned darts
Armour
 g - a +0 leather armour (worn)
 l - a +0 cloak (worn)
Jewellery
 j - a ring of resist corrosion (left hand)
Wands
 n - a wand of acid (7)
Scrolls
 m - a scroll of teleportation
Potions
 b - a potion of lignification
 c - a potion of flight {unknown}
 d - 2 potions of brilliance
 i - a potion of invisibility {unknown}
 o - 2 potions of ambrosia {unknown}


   Skills:
 * Level 2.8 Fighting
 - Level 1.0 Short Blades
 - Level 1.0 Throwing
 * Level 1.6 Armour
 * Level 2.2 Dodging
 - Level 1.0 Stealth
 - Level 2.0 Spellcasting
 - Level 2.0 Hexes
 - Level 1.0 Ice Magic
 - Level 1.0 Evocations


You had 6 spell levels left.
You knew the following spells:

 Your Spells              Type           Power      Damage    Failure   Level
a - Slow                  Hex            24%        N/A       14%         1

Your spell library contained the following spells:

 Spells                   Type           Power      Damage    Failure   Level
 Ensorcelled Hibernation  Hex/Ice        8%         N/A       26%         2
 Inner Flame              Hex/Fire       3%         N/A       54%         3
 Spider Form              Tmut/Pois      0%         N/A       69%         3


Dungeon Overview and Level Annotations

Branches:
Dungeon (3/15)

Altars:
Fedhas

Shops:
D:1 ?

Annotations:
D:2 1 runed translucent door, Crazy Yiuf


Innate Abilities, Weirdness & Mutations

You have a pair of small horns on your head.
You are mostly covered in sharp spines.


Message History

The gnoll hits you with a +0 flail!
* * * LOW HITPOINT WARNING * * *
Found a forked iron wand.
You see here a wand of acid (12).
n - a wand of acid (12)
Aiming: Corrosive Bolt
Press: ? - help, Shift-Dir - straight line, f - gnoll
Aim: a gnoll, wielding a +0 flail (severely wounded, 75% to hit)
The bolt of acid hits the gnoll!
The acid corrodes the gnoll!
You kill the gnoll!
Aiming: Corrosive Bolt
Press: ? - help, Shift-Dir - straight line, f - you That beam is likely to hit you.
Continue anyway?
Okay, then.
That's the wrong kind of item! (Use * to select it.) Evoke which item? (* to show all) (? for menu, Esc to quit)
Okay, then.
Aiming: Corrosive Bolt
Press: ? - help, Shift-Dir - straight line, f - gnoll
Aim: a gnoll, wielding a +0 flail (75% to hit)
The bolt of acid hits the gnoll!
The acid corrodes the gnoll!
The gnoll is almost dead.
Aiming: Corrosive Bolt
Press: ? - help, Shift-Dir - straight line, f - gnoll, p - gnoll
Aim: a gnoll, wielding a +0 halberd and quivering stones (75% to hit)
The bolt of acid hits the gnoll!
The gnoll seems to be corroded for longer.
You kill the gnoll!
The bolt of acid misses the gnoll.
Aiming: Corrosive Bolt
Press: ? - help, Shift-Dir - straight line, f/p - gnoll
Aim: a gnoll, wielding a +0 halberd and quivering stones (75% to hit)
The bolt of acid misses the gnoll.
Aiming: Corrosive Bolt
Press: ? - help, Shift-Dir - straight line, f/p - gnoll
Aim: a gnoll, wielding a +0 halberd and quivering stones (75% to hit)
The bolt of acid hits the gnoll!
The acid corrodes the gnoll!
The gnoll is severely wounded.
The gnoll throws a stone.
The stone hits you.
You die...

#.# #g#.# #.#
#.#.#####.#
#.#
#.g.......#
##.#
###g#####..
.... #.# #.#
## #.# #.# #.#
#.#
#J#####.####.#
#..g...@.....#
#######.######
#.# #.# ######
#.# ...... #.#
###### #.# .#
#.# .#


You could see a gnoll (corroded) and an endoplasm.

Vanquished Creatures
  3 gnolls (D:3)
  2 adders (D:2)
  A worm (D:2)
  2 ball pythons
  5 endoplasms
  4 giant cockroaches
  7 goblins
  4 hobgoblins
  3 kobolds (D:2)
  5 quokkas
  13 bats
  2 frilled lizards (D:1)
  3 rats
54 creatures vanquished.

Notes
Turn   | Place    | Note
-------+----------+-------------------------------------------
     0 | D:1      | DungeonMaster the Demonspawn Wanderer began the quest for
                  | the Orb.
     0 | D:1      | DungeonMaster set off with the following items: a +2 short
                  | sword, a potion of lignification, a +0 robe; and the
                  | following spell memorised: Slow; and the following spells
                  | available to memorise: Inner Flame
     0 | D:1      | Reached XP level 1. HP: 15/15 MP: 3/3
   106 | D:1      | Found a faded altar of an unknown god.
   303 | D:1      | Reached skill level 1 in Dodging
   303 | D:1      | Discovered your monstrous ancestry.
   303 | D:1      | Gained mutation: You have a pair of small horns on your
                  | head. [demonic ancestry]
   303 | D:1      | Reached XP level 2. HP: 21/21 MP: 5/5
   558 | D:1      | Found Xekkomn's Magic Scroll Emporium.
  1250 | D:1      | Gained mutation: You are partially covered in sharp spines.
                  | [demonic ancestry]
  1250 | D:1      | Reached XP level 3. HP: 27/27 MP: 6/6
  1478 | D:2      | Reached skill level 1 in Armour
  1778 | D:2      | Found a runed translucent door.
  1779 | D:2      | Noticed Crazy Yiuf
  1840 | D:2      | Gained mutation: You are mostly covered in sharp spines.
                  | [demonic ancestry]
  1840 | D:2      | Reached XP level 4. HP: 34/34 MP: 7/7
  2002 | D:2      | Found a blossoming altar of Fedhas.
  2366 | D:3      | HP: 1/34 [gnoll (8)]
  2392 | D:3      | Hit by a stone thrown by a gnoll

Illustrated notes

Levels and vault maps discovered:
D:1:      pf_arrival_petrified_forest, layout_loops_ring,
          shapermc_ecumenical_altar_starsandcircs, serial_shops, shop
D:2:      layout_basic, basic_altar, hangedman_decor_points,
          minmay_misc_feat_pillars, minmay_domino_2, uniq_crazy_yiuf_cottage
D:3:      layout_loops_ring, gammafunk_temple_overflow_forgotten

Skill      XL: |  1  2  3  4 |
---------------+-------------+-----
Dodging        | 1 2 |  2.2
Fighting       | 2 |  2.8
Armour         | 1 |  1.6
Short Blades   | |  1.0
Throwing       | |  1.0
Stealth        | |  1.0
Spellcasting   | |  2.0
Hexes          | |  2.0
Ice Magic      | |  1.0
Evocations     | |  1.0

Action                   |  1- 3 |  4- 6 || total
-------------------------+-------+-------++-------
Melee: Short sword       |    99 |    17 ||   116
       Headbutt          |    10 |     1 ||    11
Evoke: Wand              |       |     5 ||     5
  Use: Scroll            |     2 |     2 ||     4
       Potion            |       |     1 ||     1
 Stab: Sleeping          |     3 |       ||     3
Armor: Robe              |    27 |       ||    27
       Leather armour    |    13 |     2 ||    15
Dodge: Dodged            |    61 |     7 ||    68

Table legend: (Time is in decaauts)
 A = Elapsed time spent in this place.
 B = Non-inter-level travel time spent in this place.
 C = Inter-level travel time spent in this place.
 D = Time resting spent in this place.
 E = Time spent auto-exploring this place.
 F = Levels seen in this place.
 G = Mean time per level.
                   A        B        C        D        E       F      G
               +--------+--------+--------+--------+--------+-----+--------+
         Total |   2385 |   2314 |     71 |    322 |   1601 |   3 |  795.0 |
       Dungeon |   2385 |   2314 |     71 |    322 |   1601 |   3 |  795.0 |
               +--------+--------+--------+--------+--------+-----+--------+

Top non-repeatable levels by time:
     D:1: 1369 daAuts
     D:2: 851 daAuts
     D:3: 164 daAuts
